 Dungeon Crawl Stone Soup version 0.32-a0-909-gc671339a80 (webtiles) character file.

Game seed: 9012030331217904951

51 GiantSquids the Chopper (level 3, -2/31 HPs)
             Began as a Mountain Dwarf Fighter on Apr 6, 2024.
             Slain by a gnoll
             ... wielding a +0 spear
              (5 damage)
             ... on level 2 of the Dungeon.
             The game lasted 00:01:28 (835 turns).

GiantSquids the Chopper (Mountain Dwarf Fighter)     Turns: 835, Time: 00:01:29

Health: -2/31      AC:  6    Str: 20    XL:     3   Next: 57%
Magic:  3/3        EV:  8    Int:  8    God:
Gold:   30         SH:  5    Dex: 15    Spells: 2/2 levels left

rFire   . . .        a - +0 war axe
rCold   . . .        c - +0 buckler
rNeg    . . .        b - +0 scale mail
rPois   .            (no helmet)
rElec   .            (no cloak)
rCorr   .            (no gloves)
SInv    .            (no boots)
Will    .....        (no amulet) Stlth
                     e - +6 ring of dexterity
HPRegen 0.25/turn    (no ring)
MPRegen 0.08/turn

%: no passive effects
@: mighty
A: runic magic, artefact enchanting
a: no special abilities


You were on level 2 of the Dungeon.
You visited 1 branch of the dungeon, and saw 2 of its levels.

You collected 30 gold pieces.

Inventory:

Hand Weapons
 a - a +0 war axe (weapon)
Missiles
 h - 10 stones (quivered)
Armour
 b - a +0 scale mail (worn)
 c - a +0 buckler (worn)
Jewellery
 e - a +6 ring of dexterity (left hand)
Scrolls
 g - 3 scrolls of identify {unknown}
 i - a scroll of amnesia {unknown}
Potions
 f - a potion of resistance {unknown}


   Skills:
 - Level 3.2 Fighting
 + Level 4.9 Axes
 - Level 3.2 Armour
 - Level 3.2 Shields


You had 2 spell levels left.
You didn't know any spells.
Your spell library was empty.

Dungeon Overview and Level Annotations

Branches:
Dungeon (2/15)

Altars:


Innate Abilities, Weirdness & Mutations

Your spellcasting is much less encumbered by armour.
You can use scrolls of enchantment on lesser artefacts.


Message History

You block the ball python's attack. The ball python grabs you.
The ball python constricts you. You block the ribbon worm's attack.
The gnoll hits you from afar with a +0 spear.
Sorry, you're not good enough to have a special ability.
You feel very mighty all of a sudden. The ball python bites you.
The ball python constricts you. The gnoll hits you but does no damage.
You barely miss the ball python. You barely miss the ribbon worm.
The ball python bites you but does no damage.
The ball python constricts you. The ribbon worm bites you.
The gnoll hits you but does no damage. The ball python completely misses you.
The ball python constricts you.
You barely miss the ball python. You barely miss the ribbon worm.
The ribbon worm expels a string of sticky webbing.
The stream of webbing hits you but does no damage.
You are caught in a web!
The ball python bites you but does no damage.
The ball python constricts you.
The gnoll hits you from afar with a +0 spear.
* * * LOW HITPOINT WARNING * * *
You struggle to detach yourself from the web.
The ball python bites you.
* * * LOW HITPOINT WARNING * * *
The ball python constricts you.
The ribbon worm bites you but does no damage.
The gnoll hits you but does no damage.
The web tears apart.
The ball python bites you.
* * * LOW HITPOINT WARNING * * *
The ball python constricts you.
* * * LOW HITPOINT WARNING * * *
You block the ribbon worm's attack.
The gnoll hits you from afar with a +0 spear.
* * * LOW HITPOINT WARNING * * *
The ball python bites you but does no damage.
The ball python constricts you.
You slice the ball python!!
You kill the ball python!
You slash the ribbon worm!
The gnoll hits you from afar with a +0 spear.
You die...

#..### #..# #..#
########..#
..........#
########.#######.
#########........#
#.)gg....g.######
#.####@########.###
#...†.†w...#
#...###..
######.###.#
#g#g...# #.#
#...#.... #..
....... .#. ####
.......g.. ..
....~~~~... .
.#..~~~~⌠..#
....~~~~...#


You could see a ribbon worm and 2 gnolls.

Vanquished Creatures
  An adder (D:2)
  2 gnolls (D:2)
  3 ball pythons
  4 bats
  2 endoplasms (D:1)
  2 giant cockroaches (D:1)
  3 hobgoblins (D:1)
  2 kobolds (D:1)
  A quokka (D:2)
  A frilled lizard (D:1)
  2 rats (D:1)
23 creatures vanquished.

Notes
Turn   | Place    | Note
-------+----------+-------------------------------------------
     0 | D:1      | GiantSquids the Mountain Dwarf Fighter began the quest for
                  | the Orb.
     0 | D:1      | Reached XP level 1. HP: 19/19 MP: 1/1
   179 | D:1      | Reached skill level 3 in Axes
   233 | D:1      | Reached XP level 2. HP: 26/26 MP: 2/2
   584 | D:1      | Reached skill level 4 in Axes
   747 | D:1      | You fall into a shaft and drop 1 floor!
   826 | D:2      | Reached XP level 3. HP: 24/31 MP: 3/3
   835 | D:2      | Slain by a gnoll

Illustrated notes

Levels and vault maps discovered:
D:1:      dpeg_arrival_rhombi, layout_basic, amcnicky_mini_rare_corridor_liquid,
          hangedman_glass_teeth, minmay_hedge_maze, st_stairs_8,
          dreamdust_princess_bridge
D:2:      layout_loops_ring, basic_altar, serial_shops, nicolae_shop_mannequins,
          serial_park_tiny_pond, uniq_terence

Skill      XL: |  1  2 |
---------------+-------+-----
Axes           | 3 4 |  4.9
Fighting       | |  3.2
Armour         | |  3.2
Shields        | |  3.2

Action                     || total
---------------------------++-------
  Melee: War axe           ||    51
    Use: Potion            ||     1
 Armour: Scale mail        ||    81
  Dodge: Dodged            ||    24
  Block: Buckler           ||    19

Table legend: (Time is in decaauts)
 A = Elapsed time spent in this place.
 B = Non-inter-level travel time spent in this place.
 C = Inter-level travel time spent in this place.
 D = Time resting spent in this place.
 E = Time spent auto-exploring this place.
 F = Levels seen in this place.
 G = Mean time per level.
                   A        B        C        D        E       F      G
               +--------+--------+--------+--------+--------+-----+--------+
         Total |    851 |    851 |      0 |      0 |    703 |   2 |  425.5 |
       Dungeon |    851 |    851 |      0 |      0 |    703 |   2 |  425.5 |
               +--------+--------+--------+--------+--------+-----+--------+

Top non-repeatable levels by time:
     D:1: 760 daAuts
     D:2: 91 daAuts
